 Dungeon Crawl Stone Soup version 0.31-a0-1074-g0b22e4e0f1 (webtiles) character file.

Game seed: 9528219747320394812

37 wildpjah the Changeling (level 3, -3/26 HPs)
             Began as a Merfolk Shapeshifter on Nov 27, 2023.
             Slain by an iguana (13 damage)
             ... on level 3 of the Dungeon.
             The game lasted 00:02:14 (1327 turns).

wildpjah the Changeling (Merfolk Shapeshifter)      Turns: 1327, Time: 00:02:15

Health: -3/26      AC:  2    Str: 14    XL:     3   Next: 41%
Magic:  3/3        EV: 13    Int:  9    God:
Gold:   84         SH:  0    Dex: 15    Spells: 2/2 levels left

rFire   . . .        m - +0 sling
rCold   . . .        (no shield)
rNeg    . . .        a - +0 animal skin
rPois   .            (helmet currently unavailable)
rElec   .            (cloak currently unavailable)
rCorr   .            (gloves currently unavailable)
SInv    .            (boots currently unavailable)
Will    .....        (no amulet)
Stlth   ++           (no ring)
HPRegen 0.24/turn    (no ring)
MPRegen 0.08/turn

%: no passive effects
@: beast-form
A: beast (slay +2), (nimble swimmer 2), mertail
a: Begin Untransformation


You were on level 3 of the Dungeon.
You were a hulking beast.
You visited 1 branch of the dungeon, and saw 3 of its levels.

You collected 84 gold pieces.

Inventory:

Hand Weapons
 m - a +0 sling (weapon)
Armour
 a - a +0 animal skin (worn)
 f - a +0 pair of boots
 h - a +0 cloak
 j - a +0 pair of gloves
Talismans
 c - a beast talisman
 d - a flux talisman
Scrolls
 e - 4 scrolls of enchant armour {unknown}
 i - a scroll of enchant weapon {unknown}
 l - 2 scrolls of identify {unknown}
 o - 3 scrolls of teleportation {unknown}
 p - a scroll of blinking {unknown}
Potions
 b - 2 potions of lignification
 g - 2 potions of curing {unknown}
 k - a potion of degeneration {unknown}
 n - a potion of magic {unknown}
 q - a potion of attraction {unknown}


   Skills:
 + Level 1.1 Fighting
 + Level 0.4 Ranged Weapons
 + Level 2.7 Dodging
 + Level 0.7 Stealth
 + Level 3.6 Unarmed Combat
 + Level 5.0 Shapeshifting


You had 2 spell levels left.
You didn't know any spells.
Your spell library contained the following spells:

 Spells                   Type           Power      Damage    Failure   Level
 Cigotuvi's Dreadful Rot  Necr/Pois/Air  0%         N/A       52%         2
 Ignite Poison            Fire/Tmut/Pois 0%         N/A       77%         3
 Freezing Cloud           Conj/Ice/Air   0%         6-21      100%        5


Dungeon Overview and Level Annotations

Branches:
Dungeon (3/15)

Altars:

Shops:
D:1 (


Innate Abilities, Weirdness & Mutations

You are a hulking beast.
Your limbs bulge with bestial killing power. (Slay +2)
((You are very nimble when in or above water. (Stealth+, EV+, Speed+++)))
Your lower body shifts to a powerful aquatic tail in water.


Message History

A hobgoblin comes into view.
Found 6 javelins.
You shoot a sling bullet. The sling bullet hits the hobgoblin.
You kill the hobgoblin!
Done exploring.
Done exploring.
There is an escape hatch in the ceiling here.
There is a stone staircase leading down here.
You climb downwards.
There is a stone staircase leading up here.
You now have 84 gold pieces (gained 14).
Found a stone staircase leading down.
A giant cockroach comes into view.
An iguana comes into view.
You see here 5 gold pieces.
You shoot a sling bullet.
The sling bullet hits the giant cockroach!
You kill the giant cockroach!
You shoot a sling bullet.
The sling bullet barely misses the iguana.
You shoot a sling bullet.
The sling bullet hits the iguana but does no damage.
You shoot a sling bullet. The sling bullet hits the iguana.
The iguana is lightly wounded.
You shoot a sling bullet. The sling bullet hits the iguana.
The iguana is moderately wounded.
You shoot a sling bullet. The sling bullet hits the iguana.
The iguana is moderately wounded.
The iguana bites you!
Ouch! That really hurt!
The iguana completely misses you. The iguana attacks as it pursues you!
The iguana barely misses you.
You shoot a sling bullet.
The sling bullet hits the iguana but does no damage.
The iguana is moderately wounded.
The iguana bites you.
You shoot a sling bullet.
The sling bullet closely misses the iguana.
The iguana misses you. The iguana bites you!
Ouch! That really hurt!
You die...

..... .....## .......
....... ..... ### ...
.># #.######.#
#.lh..##.# #.....#.##.#
#.....#....# #####
........###..# #...#
.........+....#####.#.#
.........#..........#.#
####...........######.#
###+##..#...# #.#
.........# #.#


You could see an iguana.

Vanquished Creatures
  2 worms (D:2)
  2 dart slugs
  2 ball pythons (D:2)
  2 endoplasms (D:1)
  A giant cockroach (D:3)
  3 goblins
  A hobgoblin (D:2)
  2 quokkas (D:2)
  8 bats
  2 kobolds
  A rat (D:2)
26 creatures vanquished.

Notes
Turn   | Place    | Note
-------+----------+-------------------------------------------
     0 | D:1      | wildpjah the Merfolk Shapeshifter began the quest for the
                  | Orb.
     0 | D:1      | Reached XP level 1. HP: 15/15 MP: 1/1
     3 | D:1      | Noticed an electric eel
     4 | D:1      | Noticed an electric eel
   335 | D:1      | Reached XP level 2. HP: 21/21 MP: 2/2
   431 | D:1      | Found Pobavv Uhana's Antique Weapon Emporium.
   942 | D:2      | Reached XP level 3. HP: 26/26 MP: 3/3
  1039 | D:2      | Reached skill level 5 in Shapeshifting
  1327 | D:3      | Slain by an iguana

Illustrated notes

Levels and vault maps discovered:
D:1:      arrival_aquarium_b, layout_basic, serial_shops,
          nicolae_shop_real_fake_doors
D:2:      layout_rooms
D:3:      layout_basic, uniq_ijyb

Skill      XL: |  1  2  3 |
---------------+----------+-----
Shapeshifting  | 5 |  5.0
Fighting       | |  1.1
Ranged Weapons | |  0.4
Dodging        | |  2.7
Stealth        | |  0.7
Unarmed Combat | |  3.6

Action                     || total
---------------------------++-------
  Melee: Unarmed           ||    43
         Punch             ||     1
   Fire: Sling             ||    44
   Stab: Sleeping          ||     2
 Armour: Animal skin       ||    29
  Dodge: Dodged            ||    39

Table legend: (Time is in decaauts)
 A = Elapsed time spent in this place.
 B = Non-inter-level travel time spent in this place.
 C = Inter-level travel time spent in this place.
 D = Time resting spent in this place.
 E = Time spent auto-exploring this place.
 F = Levels seen in this place.
 G = Mean time per level.
                   A        B        C        D        E       F      G
               +--------+--------+--------+--------+--------+-----+--------+
         Total |   1340 |   1304 |     36 |      0 |   1084 |   3 |  446.7 |
       Dungeon |   1340 |   1304 |     36 |      0 |   1084 |   3 |  446.7 |
               +--------+--------+--------+--------+--------+-----+--------+

Top non-repeatable levels by time:
     D:1: 813 daAuts
     D:2: 477 daAuts
     D:3: 49 daAuts
